 Dungeon Crawl Stone Soup version 0.30.1-3-gfc49f6343a (webtiles) character file.

Game seed: 3104420215846681648

8640 Descartes the Cleaver (level 11, -5/71 (75) HPs)
             Began as a Formicid Fighter on July 22, 2023.
             Was an Initiate of Gozag.
             Slain by an 11-headed hydra (10 damage)
             ... on level 13 of the Dungeon.
             The game lasted 00:15:31 (10823 turns).

Descartes the Cleaver (Formicid Fighter)           Turns: 10823, Time: 00:15:33

HP:   -5/71 (75)    AC: 16    Str: 25    XL:     11   Next: 59%
MP:   11/11         EV: 13    Int:  8    God:    Gozag
Gold: 1739          SH: 12    Dex: 13    Spells: 10/10 levels left

rFire   . . .        C - +5 battleaxe (freeze)
rCold   . . .        O - +0 kite shield
rNeg    . . .        z - +3 chain mail of Sloth {Regen+ rCorr}
rPois   .            (helmet unavailable)
rElec   .            F - +0 cloak
rCorr   +            (no gloves)
SInv    +            (no boots)
Will    +....        (no amulet) Stlth
                     l - +5 ring of evasion
HPRegen 1.11/turn    (no ring)
MPRegen 0.12/turn

%: no passive effects
@: mighty, drained
A: permanent stasis, dig shafts and tunnels, antennae 3, four strong arms
a: Dig, Shaft Self, Renounce Religion, Potion Petition, Call Merchant, Bribe
Branch


You were on level 13 of the Dungeon.
You worshipped Gozag.
Gozag was most pleased with you.
You visited 2 branches of the dungeon, and saw 13 of its levels.
You also visited: Sewer.

You collected 1803 gold pieces.
You paid 64 gold pieces to Gozag.

Inventory:

Hand Weapons
 a - a +1 war axe
 x - a +0 heavy trident
 C - a +5 battleaxe of freezing (weapon)
Missiles
 h - 5 silver javelins
 o - a throwing net
 v - 10 poisoned darts
 y - 5 javelins
 A - a curare-tipped dart
Armour
 c - a +0 buckler
 z - the +3 chain mail of Sloth (worn) {Regen+ rCorr}
   (You found it on level 5 of the Dungeon)

   Regen:     It increases your rate of health regeneration.
   rCorr:     It protects you from acid and corrosion.
 F - a +0 cloak (worn)
 O - a +0 kite shield (worn)
Jewellery
 l - a +5 ring of evasion (left hand)
Wands
 p - a wand of roots (26)
 s - a wand of acid (21)
 H - a wand of flame (9)
 I - a wand of mindburst (19)
Scrolls
 e - a scroll of brand weapon {unknown}
 r - 2 scrolls of amnesia
 t - 4 scrolls of enchant weapon
 u - 2 scrolls of magic mapping
 w - a scroll of enchant armour {unknown}
 B - 5 scrolls of vulnerability
 E - a scroll of immolation
 G - a scroll of fear
 J - a scroll of fog {unknown}
 L - a scroll of summoning {unknown}
 N - a scroll of poison
Potions
 b - 3 potions of cancellation
 d - 2 potions of might
 f - 5 potions of heal wounds
 g - 2 potions of magic
 i - 6 potions of curing
 j - 4 potions of lignification
 k - 5 potions of attraction
 m - 2 potions of berserk rage {unknown}
 n - 2 potions of brilliance {unknown}
 q - 6 potions of flight
 D - a potion of resistance {unknown}
 K - a potion of mutation {unknown}
 M - a potion of degeneration {unknown}


   Skills:
 - Level 3.2 Fighting
 * Level 12.4 Axes
 + Level 10.1 Armour
 + Level 11.9 Shields


You had 10 spell levels left.
You didn't know any spells.
Your spell library contained the following spells:

 Spells                   Type           Power      Damage    Failure   Level
 Magic Dart               Conj           0%         1d3       96%         1
 Shock                    Conj/Air       0%         1d3       96%         1
 Lesser Beckoning         Tloc           0%         N/A       99%         2
 Momentum Strike          Conj/Tloc      0%         3d8       99%         2
 Searing Ray              Conj           0%         2d4       99%         2
 Call Canine Familiar     Summ           0%         N/A       100%        3
 Portal Projectile        Hex/Tloc       0%         N/A       100%        3
 Airstrike                Air            0%         2d(0-16)  100%        4
 Fulminant Prism          Conj/Hex       0%         3d5       100%        4
 Leda's Liquefaction      Hex/Erth       0%         N/A       100%        4
 Manifold Assault         Tloc           0%         N/A       100%        4
 Olgreb's Toxic Radiance  Pois           0%         N/A       100%        4
 Summon Ice Beast         Ice/Summ       0%         N/A       100%        4
 Summon Mana Viper        Hex/Summ       0%         N/A       100%        5
 Monstrous Menagerie      Summ           0%         N/A       100%        7
 Storm Form               Tmut/Air       0%         N/A       100%        7
 Discord                  Hex            0%         N/A       100%        8
 Ignition                 Fire           0%         3d3       100%        8
 Blink                    Tloc           Unusable   N/A       N/A         2
 Swiftness                Air            Unusable   N/A       N/A         3

Dungeon Overview and Level Annotations

Branches:
Dungeon (11/15)            Temple (1/1) D:4            Lair (0/5) D:9
  Sewer (visited)
    Orc: D:9-12

Altars:
Ashenzari
Cheibriados
Dithmenos
Elyvilon
Fedhas
Gozag
Hepliaklqana
Kikubaaqudgha
Makhleb
Nemelex Xobeh
Okawaru
Qazlal
Ru
Sif Muna
Trog
Uskayaw
Vehumet
Wu Jian
Xom
Yredelemnul
Zin
The Shining One


Innate Abilities, Weirdness & Mutations

You cannot be hasted, slowed, berserked, paralysed or teleported.
You can dig through walls and to a lower floor.
You have a pair of large antennae on your head. (SInv)
Your four strong arms can wield two-handed weapons with a shield.


Message History

The nine-headed hydra is severely wounded.
You block the nine-headed hydra's attack.
The nine-headed hydra bites you.
You block the nine-headed hydra's attack.
The nine-headed hydra bites you!
* * * LOW HITPOINT WARNING * * *
The nine-headed hydra bites you.
* * * LOW HITPOINT WARNING * * *
The nine-headed hydra bites you but does no damage.
The nine-headed hydra barely misses you.
The nine-headed hydra bites you.
* * * LOW HITPOINT WARNING * * *
The nine-headed hydra barely misses you.
You lop one of the nine-headed hydra's heads off!
The eight-headed hydra grows two more!
You slice the ten-headed hydra!!
The ten-headed hydra seems to slow down.
You freeze the ten-headed hydra.
The ten-headed hydra is almost dead.
Unknown command.
You chop one of the ten-headed hydra's heads off!
The nine-headed hydra grows two more!
You slash the 11-headed hydra! You freeze the 11-headed hydra.
The 11-headed hydra is almost dead.
The 11-headed hydra bites you.
* * * LOW HITPOINT WARNING * * *
The 11-headed hydra bites you but does no damage.
The 11-headed hydra closely misses you. x2
You block the 11-headed hydra's attack. x2
The 11-headed hydra bites you but does no damage. x3
The 11-headed hydra bites you.
* * * LOW HITPOINT WARNING * * *
The 11-headed hydra bites you but does no damage.
You barely miss the 11-headed hydra.
The 11-headed hydra is almost dead.
You block the 11-headed hydra's attack. The 11-headed hydra misses you.
You block the 11-headed hydra's attack. The 11-headed hydra bites you.
* * * LOW HITPOINT WARNING * * *
The 11-headed hydra bites you!
You die...
Your body crumbles into a pile of gold.

#....!...#
#....###.#
#c...# {
#....#
#.D..#
#...)#
##{...#
#D#####
##@# ###


You could see a 11-headed hydra (slow).

Vanquished Creatures
  A centaur warrior (D:11)
  The ghost of aeroqp the Reanimator, a novice DsNe of Makhleb (D:9)
  Pikel (D:6)
  A cyclops (D:10)
  A manticore (D:11)
  A troll (D:10)
  2 wraiths
  A wyvern (D:9)
  6 yaks (D:8)
  A steam dragon (D:9)
  3 acid dragons
  A water moccasin (D:7)
  4 orc warriors
  2 black bears (D:6)
  An ice beast (D:6)
  An ogre (D:7)
  2 centaurs
  A phantom (D:6)
  A lemure (D:6)
  Blork the orc (D:4)
  2 kobold brigands
  2 bullfrogs
  4 scorpions
  12 wights
  21 killer bees
  A howler monkey (D:6)
  7 orc priests
  A gnoll bouda (D:6)
  A jelly (D:6)
  3 sleepcaps (D:4)
  2 iguanas (D:4)
  Natasha (thrice) (D:2)
  10 orc wizards
  A sickly merfolk siren (Sewer)
  A malarious merfolk avatar (Sewer)
  11 adders
  9 gnolls
  3 river rats (Sewer)
  3 ufetubi
  2 worms
  4 dart slugs
  28 orcs
  5 bats
  5 endoplasms
  5 giant cockroaches
  3 goblins
  9 hobgoblins
  14 jackals
  14 kobolds
  6 quokkas
  10 ball pythons
  5 frilled lizards
  31 rats
271 creatures vanquished.

Notes
Turn   | Place    | Note
-------+----------+-------------------------------------------
     0 | D:1      | Descartes the Formicid Fighter began the quest for the Orb.
     0 | D:1      | Reached XP level 1. HP: 18/18 MP: 1/1
    64 | D:1      | Reached XP level 2. HP: 22/24 MP: 2/2
   279 | D:1      | Reached XP level 3. HP: 27/29 MP: 3/3
   456 | D:1      | Reached skill level 3 in Axes
   699 | D:2      | Noticed Natasha
   705 | D:2      | Killed Natasha
   706 | D:2      | Reached XP level 4. HP: 30/35 MP: 4/4
  1203 | D:2      | Noticed Natasha
  1209 | D:2      | Killed Natasha
  1210 | D:2      | Reached skill level 5 in Shields
  1210 | D:2      | Reached XP level 5. HP: 28/41 MP: 5/5
  1461 | D:2      | Noticed Natasha
  1470 | D:2      | Killed Natasha
  1717 | D:3      | Reached skill level 4 in Axes
  2009 | D:3      | Found a glowing drain.
  2035 | Sewer    | Entered a sewer
  2098 | Sewer    | Reached XP level 6. HP: 38/40 MP: 6/6
  2840 | D:4      | Reached skill level 5 in Axes
  2840 | D:4      | Reached XP level 7. HP: 45/52 MP: 7/7
  2882 | D:4      | Reached skill level 5 in Armour
  3070 | D:4      | Found a staircase to the Ecumenical Temple.
  3084 | Temple   | Entered the Ecumenical Temple
  3102 | Temple   | Became a worshipper of Gozag Ym Sagoz the Greedy
  3797 | D:4      | Identified the +1 leather armour of Amorality {rPois}
  3932 | D:4      | Found a bloodstained altar of Trog.
  3972 | D:4      | Noticed Blork the orc
  3979 | D:4      | Killed Blork the orc
  4303 | D:5      | Entered Level 5 of the Dungeon
  4543 | D:5      | Identified the +3 chain mail of Sloth {Regen+ rCorr}
  4628 | D:5      | Found a stormy altar of Qazlal.
  4654 | D:5      | Reached skill level 6 in Axes
  4654 | D:5      | Reached XP level 8. HP: 54/58 MP: 8/8
  4678 | D:5      | Found a shadowy altar of Dithmenos.
  5217 | D:6      | Found an iron altar of Okawaru.
  5217 | D:6      | Found a broken altar of Ashenzari.
  5250 | D:6      | Reached skill level 7 in Axes
  5578 | D:6      | Reached XP level 9. HP: 58/64 MP: 9/9
  5594 | D:6      | Reached skill level 8 in Axes
  5764 | D:6      | Noticed Pikel
  5780 | D:6      | Killed Pikel
  5944 | D:6      | Reached skill level 9 in Axes
  6191 | D:7      | Reached XP level 10. HP: 46/70 MP: 10/10
  6227 | D:7      | Found a shimmering blue altar of Sif Muna.
  6380 | D:7      | Found a basalt altar of Yredelemnul.
  7412 | D:8      | Reached skill level 10 in Axes
  7568 | D:8      | Reached skill level 10 in Shields
  8114 | D:9      | Found a staircase to the Lair.
  8128 | D:9      | Reached skill level 11 in Axes
  8233 | D:9      | Found a snail-covered altar of Cheibriados.
  8414 | D:9      | Found a sacrificial altar of Ru.
  8460 | D:9      | Noticed aeroqp's ghost (novice DsNe)
  8465 | D:9      | Found a runed translucent door.
  8500 | D:9      | Killed aeroqp's ghost
  8501 | D:9      | Reached XP level 11. HP: 23/75 MP: 11/11
  9124 | D:10     | Entered Level 10 of the Dungeon
  9553 | D:10     | Noticed a cyclops
  9560 | D:10     | Killed a cyclops
 10026 | D:10     | Reached skill level 12 in Axes
 10345 | D:11     | Noticed a centaur warrior
 10355 | D:11     | Killed a centaur warrior
 10358 | D:11     | Reached skill level 10 in Armour
 10510 | D:11     | Noticed a manticore
 10523 | D:11     | Killed a manticore
 10783 | D:11     | You fall into a shaft and drop 2 floors!
 10799 | D:13     | Noticed a centaur warrior
 10806 | D:13     | Noticed a six-headed hydra
 10823 | D:13     | Slain by an 11-headed hydra

Illustrated notes

Levels and vault maps discovered:
D:1:      denvon_arrival_planthouse, layout_loops_cross
D:2:      wad_lake_hut, layout_loops_ring, amcnicky_mini_rare_corridor_liquid,
          uniq_natasha
D:3:      layout_basic, cheibrodos_sewer_entry_drain
D:4:      layout_gridville, kennysheep_little_box,
          minmay_temple_entry_proselytizer, grunt_ministairs_9, abandoned_shop,
          uniq_blork_the_orc
D:5:      layout_basic, lemuel_doored_altar, mainiacjoe_overflow_alcove_4,
          minmay_misc_feat_encased, minmay_splitting_lines
D:6:      layout_loops_cross, nicolae_overflow_two_pavilions, uniq_pikel
D:7:      layout_basic, hangedman_feature_mirror, minmay_holes
D:8:      layout_basic, serial_curves, eino_curves_02, eino_curves_03
D:9:      layout_layer_cave, mainiacjoe_overflow_boulevard,
          kennysheep_slug_shrine, lair_entry_dummy,
          hellmonk_ghost_happy_afterlife
D:10:     layout_stronghold
D:11:     layout_grid_maze
D:13:     layout_rooms, lightli_vaults_fourway_checkpoint
Temple:   nicolae_temple_bog_church

Skill      XL: |  1  2  3  4  5  6  7  8  9 10 11 |
---------------+----------------------------------+-----
Axes           | 3 4 5 6 7 9 11 12 | 12.4
Armour         | 4 5 6 7 9 10 | 10.1
Shields        | 5 6 7 9 11 | 11.9
Fighting       | |  3.2

Action                     |  1- 3 |  4- 6 |  7- 9 | 10-12 || total
---------------------------+-------+-------+-------+-------++-------
  Melee: War axe           |    79 |   200 |   138 |       ||   417
         Battleaxe         |       |       |   111 |   226 ||   337
Ability: Dig               |       |     3 |       |     1 ||     4
    Use: Scroll            |       |     6 |     2 |     6 ||    14
         Potion            |       |     1 |       |     3 ||     4
   Stab: Distracted        |       |       |       |     1 ||     1
 Armour: Scale mail        |    18 |       |       |       ||    18
         Plate armour      |    26 |    76 |    44 |       ||   146
         Chain mail        |       |       |    71 |   110 ||   181
  Dodge: Dodged            |    28 |   108 |   156 |   158 ||   450
  Block: Buckler           |    22 |    49 |    77 |    65 ||   213
         Kite shield       |       |       |       |    12 ||    12
